Map: Dreamcatcher LE

Players

barthak

  • Race: Zerg Zerg
  • League: Gold
  • Spawn Location: 5:00

Björn - Winner!

  • Race: Zerg Zerg
  • League: Gold
  • Spawn Location: 11:00

VOD

Have the link to the VOD?

Description

Time

  • Played on: Oct. 18, 2018, 10:23 p.m.
  • Length: 9:03
Show
View Real Time Build Order
Export as new Build Order

barthak Zerg 

Build Orders: Hatch First 

Get SALT Encoding   

  12  0:01  Drone  
  13  0:12  Overlord  
  13  0:18  Drone  
  14  0:32  Drone  
  14  0:33  Drone  
  16  0:38  Drone  
  17  0:47  Drone  
  18  0:58  Hatchery  
  18  1:02  Extractor  
  18  1:03  Drone  
  17  1:07  Drone  
  18  1:19  Spawning Pool  
  18  1:22  Drone  
  18  1:29  Drone  
  19  1:39  Drone  
  20  1:50  Overlord  
  20  2:10  Queen x2  
  20  2:13  Zergling x4  
  20  2:14  Drone  
  27  2:29  Drone x2  
  29  2:40  Drone x2  
  31  2:49  Lair  
  31  3:09  Drone x3  
  31  3:10  Drone x2  
  36  3:14  Overlord  
  36  3:22  Roach Warren  
  36  3:24  Drone  
  36  3:27  Overlord x2  
  36  3:38  Extractor  
  35  3:41  Drone x2  
  35  3:42  Drone  
  35  3:44  Drone x3  
  43  4:02  Roach  
  43  4:03  Roach x6  
  43  4:04  Roach  
  43  4:06  Glial Reconstitution  
  57  4:10  Overlord x2  
  57  4:13  Queen  
  59  4:27  Queen  
  59  4:30  Roach x4  
  69  4:44  Overlord x2  
  69  4:45  Overlord  
  69  4:46  Roach x2  
  69  4:51  Drone  
  74  5:09  Roach  
  74  5:10  Roach x6  
  74  5:11  Roach x2  
  92  5:14  Overlord  
  88  5:44  Overlord x4  
  88  5:45  Roach  
  88  5:46  Roach x4  
  98  5:53  Drone  
  99  6:07  Hatchery  
  96  6:19  Zergling x2  
  96  6:20  Zergling x10  
  100  6:36  Drone x3  
  103  7:00  Evolution Chamber  
  102  7:04  Evolution Chamber  
  102  7:05  Hydralisk Den  
  100  7:10  Roach  
  100  7:11  Roach x7  
  116  7:21  Ravager  
  116  7:22  Ravager x2  
  118  7:25  Zergling x8  
  118  7:26  Zergling x4  
  124  7:37  Zergling x2  
  124  7:38  Zergling x4  
  127  7:52  Extractor  
  126  8:02  Drone x5  
  126  8:03  Drone x5  
  135  8:17  Zergling x2  
  135  8:18  Zergling x16  
  138  8:34  Zergling x2  
  138  8:35  Zergling x12  
  145  8:46  Zergling x2  
Show
View Real Time Build Order
Export as new Build Order

Björn Zerg - Winner!

Build Orders: Hatch First 

Get SALT Encoding   

  12  0:01  Drone  
  13  0:13  Overlord  
  13  0:17  Drone  
  14  0:31  Drone  
  14  0:32  Drone  
  16  0:37  Drone  
  17  0:53  Hatchery  
  16  0:57  Drone  
  16  0:59  Drone  
  18  1:11  Extractor  
  17  1:15  Spawning Pool  
  17  1:17  Drone  
  17  1:21  Drone  
  18  1:30  Drone  
  19  1:47  Overlord  
  19  1:54  Drone  
  20  2:03  Queen  
  20  2:04  Queen  
  20  2:07  Zergling x4  
  26  2:17  Drone  
  26  2:18  Drone  
  28  2:30  Drone  
  28  2:31  Drone  
  28  2:35  Overlord  
  30  2:37  Drone  
  30  2:43  Queen  
  33  2:53  Evolution Chamber  
  33  2:56  Roach Warren  
  30  2:59  Overlord  
  30  3:01  Lair  
  29  3:06  Drone  
  29  3:09  Evolution Chamber, Drone  
  30  3:13  Drone  
  30  3:14  Drone  
  30  3:18  Drone  
  33  3:25  Zerg Missile Weapons Level 1  
  33  3:28  Drone x2  
  33  3:31  Drone  
  36  3:35  Drone  
  36  3:36  Drone  
  36  3:39  Drone x2  
  40  3:48  Drone  
  40  3:49  Drone x3  
  40  3:50  Drone  
  46  3:55  Drone  
  46  3:56  Drone  
  46  4:01  Glial Reconstitution  
  47  4:05  Extractor  
  47  4:06  Extractor  
  47  4:08  Drone x3  
  48  4:15  Overlord x2  
  48  4:32  Overlord x2  
  48  4:33  Overlord  
  48  4:42  Roach x2  
  48  4:43  Roach x3  
  60  4:53  Roach x2  
  60  4:57  Roach  
  60  4:58  Roach x3  
  70  5:10  Roach  
  70  5:11  Roach x3  
  78  5:19  Hatchery  
  78  5:20  Roach x2  
  81  5:30  Roach  
  81  5:31  Roach x4  
  91  5:43  Overlord x2  
  91  5:44  Zerg Missile Weapons Level 2  
  91  5:53  Overlord x2  
  91  5:54  Overlord x2  
  89  6:11  Roach  
  89  6:12  Roach x5  
  99  6:22  Roach x2  
  103  6:29  Zerg Ground Armor Level 1  
  103  6:30  Roach x3  
  109  6:35  Extractor  
  109  6:38  Roach x2  
  112  6:40  Overlord x3  
  112  6:42  Drone  
  113  6:48  Roach x2  
  113  6:49  Roach  
  119  6:56  Drone x2  
  121  7:04  Roach x4  
  121  7:05  Roach  
  131  7:13  Roach x3  
  137  7:22  Roach x3  
  143  7:32  Roach  
  143  7:33  Roach x3  
  151  7:39  Ravager  
  151  7:42  Roach x3  
  158  7:46  Drone x3  
  161  7:55  Roach  
  161  7:56  Roach x3  
  165  8:16  Roach x2  
  165  8:17  Overlord x2  
  169  8:33  Ravager  
  170  8:39  Ravager x5  
  175  8:41  Roach x3  
  175  8:42  Roach  
Tags
 
Add a new tag
Caveats
  • Supply blocks, unpowered buildings, or Contaminate may cause inaccurate times.
  • Supply counts are checked every 10 seconds.